 Dungeon Crawl Stone Soup version 0.19.0-11-g3fc08b3 (webtiles) character file.

351 Andry07 the Skirmisher (level 6, 0/44 HPs)
             Began as a Gargoyle Fighter on Nov 10, 2016.
             Slain by an orc
             ... wielding a +0 flail
              (1 damage)
             ... on level 3 of the Dungeon.
             The game lasted 00:05:14 (2729 turns).

Andry07 the Skirmisher (Gargoyle Fighter)           Turns: 2729, Time: 00:05:14

Health: 0/44       AC: 11    Str: 24    XL:     6   Next: 61%
Magic:  6/6        EV:  7    Int:  9    God:
Gold:   119        SH:  9    Dex: 11    Spells: 0 memorised, 5 levels left

rFire  . . .     SeeInvis .     a - +0 flail
rCold  . . .     Gourm    .     b - +0 scale mail
rNeg   + . .     Faith    .     c - +0 shield
rPois  ∞         Spirit   .     (no helmet)
rElec  +         Reflect  .     (no cloak)
rCorr  .         Harm     .     (no gloves)
MR     .....                    (no boots)
Stlth  ..........               (no amulet)
                                (no ring)
                                (no ring)

@: mighty
A: negative energy resistance 1, electricity resistance, unbreathing,
petrification resistance, rot immunity, AC +4
a: no special abilities


You were on level 3 of the Dungeon.
You were hungry.

You visited 1 branch of the dungeon, and saw 4 of its levels.

You collected 119 gold pieces.

Inventory:

Hand Weapons
 a - a +0 flail (weapon)
Armour
 b - a +0 scale mail (worn)
 c - a +0 shield (worn)
Jewellery
 g - an uncursed ring of resist corrosion {unknown}
 t - an uncursed amulet of faith {unknown}
 y - an uncursed amulet of magic regeneration {unknown}
Wands
 s - a wand of digging (9/24)
Scrolls
 i - a scroll of blinking {unknown}
 j - a scroll of amnesia {unknown}
 k - a scroll of identify {unknown}
 l - a scroll of random uselessness {unknown}
 p - 2 scrolls of remove curse
 u - a scroll of noise {unknown}
 w - a scroll of enchant armour {unknown}
 B - a scroll of recharging {unknown}
 C - a scroll of teleportation {unknown}
Potions
 e - a potion of cancellation {unknown}
 h - a potion of lignification {unknown}
 n - a potion of agility {unknown}
 q - a potion of brilliance {unknown}
 r - 2 potions of curing {unknown}
 v - a potion of mutation {unknown}
 x - a potion of invisibility {unknown}
 z - a potion of flight {unknown}
 A - a potion of ambrosia {unknown}
Comestibles
 f - 2 bread rations
 m - a meat ration
 o - 2 beef jerkies


   Skills:
 + Level 7.9 Fighting
 - Level 2.0 Maces & Flails
 - Level 3.2 Armour
 - Level 3.2 Shields


You had 5 spell levels left.
You didn't know any spells.

Dungeon Overview and Level Annotations

Branches:
Dungeon (4/15)
 Temple: D:4-7

Altars:
Ashenzari


Innate Abilities, Weirdness & Mutations

You are resistant to torment.
Your stone body is resilient. (AC +4)
You are immune to poison.
You resist negative energy. (rN+)
You are resistant to electric shocks. (rElec)
You can survive without breathing.
You are immune to petrification.
You are immune to rotting.


Message History

You are too injured to fight recklessly!
You are too injured to fight recklessly!
You are too injured to fight recklessly!
As you read the scroll labeled ONECHE EBRULUG, it crumbles to dust.
You feel blessed for a moment.
It was a scroll of remove curse.
The orc priest hits you but does no damage.
You feel very mighty all of a sudden.
The orc priest hits you but does no damage.
You barely miss the orc priest.
The orc priest is heavily wounded.
The orc priest hits you but does no damage.
You block the orc priest's attack.
You closely miss the orc priest.
The orc priest is heavily wounded.
The orc priest hits you with a whip.
* * * LOW HITPOINT WARNING * * *
You thump the orc priest!
You kill the orc priest!
The orc hits you with a flail.
You die...

. ### . #.. #.#
#%# #.# #.# #o#
## #@####### ..
#.......# ##
#######.#######
....[..........
#######.#######
#.##########
#...........
############


You could see an orc.

Vanquished Creatures
  2 orc priests (D:3)
  Jessica (D:2)
  Terence (D:3)
  Natasha (thrice) (D:2)
  Robin (D:2)
  6 adders
  An ooze (D:2)
  2 worms (D:3)
  3 dart slugs
  A leopard gecko (D:2)
  3 orcs (D:3)
  9 bats
  4 giant cockroaches
  10 goblins
  10 hobgoblins
  4 jackals
  7 kobolds
  2 quokkas (D:2)
  5 frilled lizards
  12 rats
87 creatures vanquished.

Notes
Turn   | Place    | Note
-------+----------+-------------------------------------------
     0 | D:1      | Andry07 the Gargoyle Fighter began the quest for the Orb.
     0 | D:1      | Reached XP level 1. HP: 14/14 MP: 1/1
    99 | D:1      | Reached XP level 2. HP: 6/20 MP: 2/2
   103 | D:1      | Reached skill level 4 in Fighting
   766 | D:2      | Noticed Jessica
   778 | D:2      | Reached XP level 3. HP: 24/24 MP: 3/3
   785 | D:2      | Killed Jessica
   785 | D:2      | Reached skill level 5 in Fighting
   854 | D:2      | Reached XP level 4. HP: 29/31 MP: 4/4
   882 | D:2      | Noticed Robin
   882 | D:2      | Noticed Natasha
   904 | D:2      | Killed Natasha
  1346 | D:2      | Found a shattered altar of Ashenzari.
  1356 | D:2      | Reached skill level 6 in Fighting
  1360 | D:2      | Reached XP level 5. HP: 29/36 MP: 5/5
  1412 | D:2      | Noticed Natasha
  1433 | D:2      | HP: 1/36 [Natasha (3)]
  1435 | D:2      | Killed Natasha
  1559 | D:2      | Noticed Natasha
  1733 | D:2      | Killed Natasha
  1795 | D:2      | Killed Robin
  1808 | D:2      | Reached skill level 7 in Fighting
  1993 | D:2      | Reached XP level 6. HP: 44/44 MP: 6/6
  2280 | D:3      | Found a faded altar of an unknown god.
  2367 | D:3      | Noticed Terence
  2378 | D:3      | Killed Terence
  2724 | D:3      | HP: 2/44 [orc priest/divine providence (16)]
  2729 | D:3      | Slain by an orc

Skill      XL: |  1  2  3  4  5 |
---------------+----------------+-----
Fighting       | 4 5 6 7 |  7.9
Maces & Flails | |  2.0
Armour         | |  3.2
Shields        | |  3.2

Action                   |  1- 3 |  4- 6 || total
-------------------------+-------+-------++-------
Melee: Flail             |    87 |   299 ||   386
  Use: Scroll            |       |     1 ||     1
       Potion            |       |     1 ||     1
  Eat: Chunk             |       |     6 ||     6
Armor: Scale mail        |    60 |   222 ||   282
Dodge: Dodged            |    34 |   110 ||   144
Block: Shield            |    59 |   200 ||   259
